 Dungeon Crawl Stone Soup version 0.26-a0-710-g95a0c6c400 (webtiles) character file.

Game seed: 10856065894803589483

1168 Ijustatesigmund the Sneak (level 8, -1/85 HPs)
             Began as an Octopode Monk on Oct 30, 2020.
             Was a Believer of Cheibriados.
             Killed by divine providence
             ... invoked by an orc priest
              (17 damage)
             ... on level 6 of the Dungeon.
             The game lasted 00:08:08 (5897 turns).

Ijustatesigmund the Sneak (Octopode Monk)           Turns: 5897, Time: 00:08:09

Health: -1/85      AC: 24    Str: 15    XL:     8   Next: 40%
Magic:  6/9        EV:  2    Int: 18    God:    Cheibriados [**....]
Gold:   180        SH:  0    Dex: 16    Spells: 7/7 levels left

rFire    . . .     SeeInvis .   a - +1 hand axe
rCold    . . .     Faith    .   (no shield)
rNeg     + + +     Spirit   .   (helmet currently unavailable)
rPois    +         Reflect  .   (no amulet)
rElec    .         Harm     .   (no ring)
rCorr    .         Rampage  .   (no ring)
MR       .....     NoTele   +   (no ring)
Stlth    +++.......             (no ring)
HPRegen  0.24/turn              (no ring)
MPRegen  0.11/turn              (no ring)
                                (no ring)
                                (no ring)

@: tree-form, very slow
A: almost no armour, stealthy swim, (amphibious), 8 rings, (constrict 8), blurry
vision 1, clumsy 1
a: Bend Time, Renounce Religion


You were on level 6 of the Dungeon.
You worshipped Cheibriados.
Cheibriados was pleased with you.
You were a tree.
You visited 2 branches of the dungeon, and saw 7 of its levels.

You collected 180 gold pieces.

Inventory:

Hand Weapons
 a - a +1 hand axe (weapon)
Armour
 i - a +2 hat (melded)
Jewellery
 j - an uncursed ring of ice
Wands
 f - a wand of polymorph (6)
 m - a wand of acid (8)
Scrolls
 b - 6 scrolls of remove curse
 d - 2 scrolls of magic mapping
 h - a scroll of identify
 k - a scroll of enchant armour
 p - a scroll of enchant weapon
Potions
 c - a potion of stabbing
 l - 5 potions of brilliance
 n - a potion of berserk rage {unknown}
 o - 2 potions of might


   Skills:
 + Level 5.7 Fighting
 + Level 5.7 Axes
 - Level 5.1 Dodging
 - Level 6.6 Stealth
 + Level 1.6 Invocations
 + Level 2.3 Evocations


You had 7 spell levels left.
You didn't know any spells.
Your spell library contained the following spells:

 Spells                   Type           Power        Failure   Level
 Corona                   Hex            #......      22%         1
 Ensorcelled Hibernation  Hex/Ice        #.....       32%         2
 Confusing Touch          Hex            #.......     54%         3
 Dazzling Flash           Conj/Hex       #.....       54%         3
 Tukima's Dance           Hex            #.......     54%         3


Dungeon Overview and Level Annotations

Branches:
Dungeon (6/15)             Temple (1/1) D:5

Altars:
Ashenzari
Cheibriados
Dithmenos
Elyvilon
Fedhas
Hepliaklqana
Kikubaaqudgha
Makhleb
Nemelex Xobeh
Okawaru
Qazlal
Sif Muna
Trog
Uskayaw
Vehumet
Wu Jian
Xom
Yredelemnul
Zin
The Shining One

Annotations:
D:5 2 transporters


Innate Abilities, Weirdness & Mutations

You cannot wear most types of armour.
You are very stealthy in the water. (Stealth+)
((You are amphibious.))
You can wear up to eight rings at the same time.
((You can use your tentacles to constrict eight enemies at once.))
((Your skin changes colour to match your surroundings (Stealth+).))
((Your rubbery body absorbs attacks. (AC +1, EV +1)))
Scrolls take you a little longer to read.
You are clumsy. (Dex -2)
((Your flesh is heat resistant. (rF+)))


Message History

Your +2 hat melds into your body.
Your roots penetrate the ground.
The orc priest looks braver for a moment.
The orc hits you but does no damage.
You hit the orc priest but do no damage.
You barely miss the orc. You hit the orc. The orc hits you but does no damage.
The orc priest hits you but does no damage.
The orc hits you but does no damage.
You hit the orc priest but do no damage.
You closely miss the orc. You hit the orc.
You kill the orc!
Cheibriados appreciates the change of pace.
The orc hits you but does no damage.
The orc priest hits you but does no damage.
You hit the orc priest but do no damage.
You closely miss the orc. The orc hits you but does no damage.
The orc priest hits you but does no damage.
You barely miss the orc priest. You closely miss the orc.
The orc priest calls down the wrath of Beogh upon you.
Beogh smites you!
You die...

............
............#.#.........
......).......##......(.
..............##........
...............#........
......................
.....†..............#
.............#..o...#
...............#♣.?.#
....##.....###.[o...#
############ ###....#
##...# ...# .$.# ...#
...# ##


You could see an orc priest and an orc.

Vanquished Creatures
  Sigmund (D:3)
  An orc warrior (D:6)
  An ogre (D:4)
  2 centaurs
  2 howler monkeys
  2 hounds
  A centaur skeleton (D:6)
  An orc priest (D:4)
  An iguana (D:4)
  Natasha (D:3)
  5 orc wizards
  3 worker ants
  A killer bee zombie (D:6)
  3 gnolls (D:4)
  4 adders
  2 shadow imps
  A white imp (D:5)
  An ooze (D:3)
  An adder skeleton (D:4)
  A worm (D:2)
  2 dart slugs
  6 leopard geckos
  15 orcs
  8 bats
  A giant cockroach (D:6)
  4 hobgoblins
  10 jackals
  2 quokkas
  A ball python (D:3)
  A frilled lizard (D:2)
  5 goblins
  4 kobolds
  A leopard gecko skeleton (D:5)
  A rat (D:2)
96 creatures vanquished.

Vanquished Creatures (others)
  2 plants (D:4)
2 creatures vanquished.

Grand Total: 98 creatures vanquished

Notes
Turn   | Place    | Note
-------+----------+-------------------------------------------
     0 | D:1      | Ijustatesigmund the Octopode Monk began the quest for the
                  | Orb.
     0 | D:1      | Reached XP level 1. HP: 16/16 MP: 1/1
   195 | D:1      | Reached skill level 3 in Stealth
   233 | D:1      | Reached XP level 2. HP: 15/21 MP: 2/2
   764 | D:2      | Found a hide-covered altar of Uskayaw.
   918 | D:2      | Reached XP level 3. HP: 26/26 MP: 3/3
  1703 | D:3      | Noticed Natasha
  1716 | D:3      | Killed Natasha
  1716 | D:3      | Reached XP level 4. HP: 23/31 MP: 4/4
  1842 | D:3      | Noticed Sigmund
  1864 | D:3      | Killed Sigmund
  1864 | D:3      | Reached skill level 4 in Stealth
  1864 | D:3      | Reached XP level 5. HP: 32/37 MP: 5/5
  1864 | D:3      | Reached XP level 6. HP: 37/43 MP: 6/6
  2225 | D:3      | Found a bloodstained altar of Trog.
  2225 | D:3      | Found a glowing golden altar of the Shining One.
  2311 | D:4      | Reached skill level 5 in Stealth
  2569 | D:4      | Reached XP level 7. HP: 45/49 MP: 7/7
  2607 | D:4      | Found a shimmering altar of Xom.
  3170 | D:4      | Reached skill level 6 in Stealth
  3648 | D:5      | Entered Level 5 of the Dungeon
  3691 | D:5      | Found a transporter.
  3695 | D:5      | Found a transporter.
  3706 | D:5      | Gained mutation: Scrolls take you a little longer to read.
                  | [potion of mutation]
  3706 | D:5      | Gained mutation: You are clumsy. (Dex -2) [potion of
                  | mutation]
  3706 | D:5      | Gained mutation: Your flesh is heat resistant. (rF+)
                  | [potion of mutation]
  3708 | D:5      | Noticed a wyvern
  3713 | D:5      | Found a sparkling altar of Nemelex Xobeh.
  3728 | D:5      | Reached skill level 5 in Fighting
  3728 | D:5      | Reached skill level 5 in Axes
  3728 | D:5      | Reached skill level 5 in Dodging
  4648 | D:5      | Reached XP level 8. HP: 25/55 MP: 8/8
  5014 | D:5      | Reached skill level 1 in Evocations
  5392 | D:5      | Found a staircase to the Ecumenical Temple.
  5401 | Temple   | Entered the Ecumenical Temple
  5481 | Temple   | Became a worshipper of Cheibriados the Contemplative
  5481 | Temple   | Reached * piety under Cheibriados
  5481 | Temple   | Reached ** piety under Cheibriados
  5610 | D:6      | Found a blossoming altar of Fedhas.
  5862 | D:6      | Reached skill level 1 in Invocations
  5897 | D:6      | Killed from afar by an orc priest

Illustrated notes

Levels and vault maps discovered:
D:1:      dpeg_arrival_shelter, layout_basic
D:2:      layout_loops_ring, lemuel_crystal_altar
D:3:      layout_rooms, amethyst_overflow_temple_binary, minmay_misc_feat_tiny,
          uniq_natasha, uniq_sigmund
D:4:      layout_rooms, kennysheep_mini, serial_bayou_lagoon_b
D:5:      layout_loops_ring, gammafunk_temple_overflow_arena,
          minmay_temple_entry_poolview, grunt_decor_cap
D:6:      layout_rooms, fedhas_altar_1, kennysheep_mini_moat, serial_shops,
          shop, bloody_makhleb
Temple:   nicolae_temple_great_sept

Skill      XL: |  1  2  3  4  5  6  7  8 |
---------------+-------------------------+-----
Stealth        | 3 4 5 6 |  6.6
Fighting       | 4 5 |  5.7
Axes           | 4 5 |  5.7
Dodging        | 4 5 |  5.1
Evocations     | 2 |  2.3
Invocations    | 1 |  1.6

Action                   |  1- 3 |  4- 6 |  7- 9 || total
-------------------------+-------+-------+-------++-------
Melee: Hand axe          |    79 |    33 |   150 ||   262
       Constrict         |    22 |     5 |    36 ||    63
       Tentacles         |    13 |     9 |    35 ||    57
Throw: Throwing net      |       |       |     2 ||     2
Invok: Bend Time         |       |       |     1 ||     1
Evoke: Wand              |       |       |     2 ||     2
  Use: Scroll            |     8 |     3 |     4 ||    15
       Potion            |       |     5 |     3 ||     8
 Stab: Sleeping          |    12 |     3 |    11 ||    26
       Distracted        |     1 |       |       ||     1
       Held in net/web   |       |       |     2 ||     2
Armor: Skin              |    11 |     2 |    20 ||    33
Dodge: Dodged            |    56 |    22 |   137 ||   215

Table legend: (Time is in decaauts)
 A = Elapsed time spent in this place.
 B = Non-inter-level travel time spent in this place.
 C = Inter-level travel time spent in this place.
 D = Time resting spent in this place.
 E = Time spent auto-exploring this place.
 F = Levels seen in this place.
 G = Mean time per level.
                   A        B        C        D        E       F      G
               +--------+--------+--------+--------+--------+-----+--------+
         Total |   5988 |   5835 |    153 |   1716 |   3412 |   7 |  855.4 |
       Dungeon |   5890 |   5767 |    123 |   1716 |   3345 |   6 |  981.7 |
        Temple |     97 |     68 |     29 |      0 |     67 |   1 |   97.0 |
               +--------+--------+--------+--------+--------+-----+--------+

Top non-repeatable levels by time:
     D:4: 1931 daAuts
     D:5: 1349 daAuts
     D:2: 808 daAuts
     D:3: 777 daAuts
     D:1: 701 daAuts
     D:6: 321 daAuts
  Temple: 97 daAuts
